 Dungeon Crawl Stone Soup version 0.24-a0-7-g1bb0902 (webtiles) character file.

Game seed: 290732783152025092

6 Lanoc the Skirmisher (level 1, -2/18 HPs)
             Began as a Demonspawn Wanderer on Jan 30, 2019.
             Slain by a leopard gecko (4 damage)
             ... on level 1 of the Dungeon.
             The game lasted 00:00:32 (169 turns).

Lanoc the Skirmisher (Demonspawn Wanderer)           Turns: 169, Time: 00:00:33

Health: -2/18      AC:  2    Str: 10    XL:     1   Next: 75%
Magic:  1/1        EV: 11    Int: 13    God:
Gold:   12         SH:  0    Dex: 14    Spells: 0/0 levels left

rFire    . . .     SeeInvis .   c - +0 spear
rCold    . . .     Gourm    .   (no shield)
rNeg     . . .     Faith    .   d - +0 robe
rPois    .         Spirit   .   (no helmet)
rElec    .         Reflect  .   (no cloak)
rCorr    .         Harm     .   (no gloves)
MR       .....                  (no boots)
Stlth    ++........             (no amulet)
HPRegen  0.06/turn              (no ring)
MPRegen  0.07/turn              (no ring)

@: flying
A: no striking features
a: no special abilities


You were on level 1 of the Dungeon.
You were not hungry.

You visited 1 branch of the dungeon, and saw 1 of its levels.

You collected 12 gold pieces.

Inventory:

Hand Weapons
 c - a +0 spear (weapon)
Armour
 d - a +0 robe (worn)
Scrolls
 a - a scroll of enchant weapon {unknown}
Potions
 e - a potion of berserk rage {unknown}
Comestibles
 f - a ration


   Skills:
 + Level 3.1 Fighting
 - Level 1.0 Throwing
 + Level 2.0 Armour
 + Level 0.5 Dodging
 - Level 1.0 Stealth
   Level 2.6 Air Magic


You couldn't memorise any spells.
You didn't know any spells.
Your spell library contained the following spells:

 Spells                   Type           Power        Failure   Level  Hunger
 Shock                    Conj/Air       #...         19%         1    ##.....
 Swiftness                Chrm/Air       #.......     26%         2    ###....
 Pain                     Necr           #...         30%         1    ##.....
 Static Discharge         Conj/Air       #.......     47%         3    ####...
 Regeneration             Chrm/Necr      #.........   67%         3    ####...
 Airstrike                Air            #.........   71%         4    #####..
 Lightning Bolt           Conj/Air       #.........   99%         5    ######.


Dungeon Overview and Level Annotations

Branches:
Dungeon (1/15)

Altars:


Message History

You hit the kobold but do no damage.
The kobold is heavily wounded.
The kobold hits you with a +0 short sword.
* * * LOW HITPOINT WARNING * * *
You closely miss the kobold.
The kobold is heavily wounded.
The kobold barely misses you.
You closely miss the kobold.
The kobold is heavily wounded.
The kobold closely misses you.
You hit the kobold.
You kill the kobold!
Your Armour skill increases to level 2!
The leopard gecko barely misses you.
You barely miss the leopard gecko. The leopard gecko bites you.
* * * LOW HITPOINT WARNING * * *
It was a potion of flight.
You feel very buoyant.
You fly up into the air.
The leopard gecko bites you.
You die...

#.###.#.# #.#
...# #.###.###
##...# ##.##
####.######
#...........
###.##.$..####
#.@...###.#
#l###.# .# .(.
#... . #..#.
#.### # ....#.
.. .... ## ###


You could see a leopard gecko.

Vanquished Creatures
  A giant cockroach (D:1)
  2 hobgoblins (D:1)
  2 kobolds (D:1)
5 creatures vanquished.

Notes
Turn   | Place    | Note
-------+----------+-------------------------------------------
     0 | D:1      | Lanoc the Demonspawn Wanderer began the quest for the Orb.
     0 | D:1      | Lanoc set off with the following items: a +0 spear, a +0
                  | robe, a ration; and the following spells available to
                  | memorise: Shock, Swiftness, Pain, Static Discharge,
                  | Regeneration, Airstrike, Lightning Bolt
     0 | D:1      | Reached XP level 1. HP: 18/18 MP: 1/1
   169 | D:1      | Slain by a leopard gecko

Vault maps used:
D:1:      wheals_arrival_shading, serial_bayou_lagoon_a,
          wander_ebering_terrifying_dragon_lair

Skill      XL: |  1 |
---------------+----+-----
Armour         | 2 |  2.0
Fighting       | |  3.1
Throwing       | |  1.0
Dodging        | |  0.5
Stealth        | |  1.0
Air Magic      | |  2.6

Action                   || total
-------------------------++-------
Melee: Spear             ||    38
  Use: Potion            ||     1
 Stab: Sleeping          ||     1
Armor: Robe              ||    12
Dodge: Dodged            ||    14

Table legend:
 A = Non-vault XP
 B = Vault XP
 C = Vault XP percentage of total XP
 D = Non-vault monster count
 E = Vault monster count
 F = Vault count percentage of total count
                 A         B        C        D         E       F
            +---------+---------+-------+---------+---------+-------
      Total |       9 |       0 |   0.0 |       5 |       0 |   0.0
            +---------+---------+-------+---------+---------+-------
        D:1 |       9 |       0 |   0.0 |       5 |       0 |   0.0
            +---------+---------+-------+---------+---------+-------
